 Dungeon Crawl Stone Soup version 0.20.1-1-g8b1a95d (webtiles) character file.

222 Gargoyl the Skirmisher (level 5, 0/48 HPs)
             Began as a Minotaur Abyssal Knight on Sept 25, 2017.
             Was a Believer of Lugonu.
             Slain by a wight
             ... wielding a +0 war axe
              (1 damage)
             ... on level 3 of the Dungeon.
             The game lasted 00:04:50 (1910 turns).

Gargoyl the Skirmisher (Minotaur Abyssal Knight)    Turns: 1910, Time: 00:04:51

Health: 0/48       AC: 10    Str: 17    XL:     5   Next: 66%
Magic:  5/6        EV:  7    Int:  9    God:    Lugonu [**....]
Gold:   245        SH:  0    Dex: 10    Spells: 4/4 levels left

rFire    . . .     SeeInvis .   a - +1 hand axe
rCold    . . .     Gourm    .   (no shield)
rNeg     . . .     Faith    .   i - +0 chain mail
rPois    .         Spirit   .   (helmet restricted)
rElec    .         Reflect  .   (no cloak)
rCorr    .         Harm     .   (no gloves)
MR       .....                  (no boots)
Stlth    ..........             (no amulet)
Regen    0.2/turn               (no ring)
MPRegen  0.1/turn               (no ring)

@: drained
A: retaliatory headbutt, horns 2, shaggy fur 1
a: Depart the Abyss, Bend Space, Renounce Religion


You were on level 3 of the Dungeon.
You worshipped Lugonu.
Lugonu was pleased with you.
You were not hungry.

You visited 1 branch of the dungeon, and saw 3 of its levels.
You visited the Abyss 1 time.

You collected 245 gold pieces.

Inventory:

Hand Weapons
 a - a +1 hand axe (weapon)
Missiles
 d - 3 javelins (quivered)
 j - 6 tomahawks of dispersal
Armour
 i - a +0 chain mail (worn)
Scrolls
 e - a scroll of identify
 f - 2 scrolls of enchant armour
 m - a scroll of teleportation
 p - a scroll of random uselessness {unknown}
Potions
 b - a potion of haste
 k - a potion of magic {unknown}
 l - a potion of brilliance
 o - 2 potions of flight {unknown}
 q - a potion of heal wounds {unknown}
Comestibles
 c - 2 bread rations
 g - a royal jelly
 h - 4 fruits
 n - a chunk of flesh


   Skills:
 + Level 5.2(4.5) Fighting
 + Level 3.8(3.1) Axes
 * Level 4.3(3.6) Armour
 + Level 1.5(0.9) Dodging
 * Level 2.9(2.2) Invocations


You had 4 spell levels left.
You didn't know any spells.

Dungeon Overview and Level Annotations

Branches:
Dungeon (3/15)

Altars:
Gozag
Yredelemnul
The Shining One


Innate Abilities, Weirdness & Mutations

You reflexively headbutt those who attack you in melee.
You have a pair of horns on your head.
You are covered in fur. (AC +1)


Message History

You headbutt the wight, but do no damage.
You hit the wight.
The wight is moderately damaged.
Your chain mail prevents you from hitting the wight.
The wight hits you with a war axe!
* * * LOW HITPOINT WARNING * * *
The wight hits you but does no damage.
Unknown command.
You hit the wight.
The wight is moderately damaged.
You closely miss the wight. The wight hits you with a war axe.
* * * LOW HITPOINT WARNING * * *
The wight barely misses you.
Unknown command.
You hit the wight.
The wight is heavily damaged.
You closely miss the wight. The wight hits you with a war axe.
* * * LOW HITPOINT WARNING * * *
You feel drained.
You die...

.# #.#...###.
.###......#.#
.#....#.#.#
####..........
..#.........
#.##.....#
#.###)zz# .####
#...).@# ..... #
#.###..## .####
#.#####.........
.....
#.......##..####.#
.####
####..####.....
#..# #.####
#..####.# #####.#
#..##...# #......
#..#.._.####.# #.#
###


You could see 2 wights.

Vanquished Creatures
  2 wights (D:3)
  Terence (D:2)
  6 adders
  An ooze (D:1)
  2 worms (D:2)
  3 dart slugs (D:1)
  A leopard gecko (D:3)
  5 bats
  3 giant cockroaches
  4 goblins
  4 hobgoblins
  8 jackals (D:1)
  A quokka (D:3)
  2 frilled lizards (D:1)
  4 kobolds
  3 rats
50 creatures vanquished.

Notes
Turn   | Place    | Note
-------+----------+-------------------------------------------
     0 | Abyss:1  | Gargoyl the Minotaur Abyssal Knight began the quest for the Orb.
     0 | Abyss:1  | Reached XP level 1. HP: 19/19 MP: 1/1
    47 | Abyss:2  | Noticed a starcursed mass
    63 | Abyss:3  | Noticed an insubstantial wisp
    63 | Abyss:3  | Gained mutation: You tend to lose your temper in combat. [potion of mutation]
    63 | Abyss:3  | Gained mutation: You are resistant to hostile enchantments. (MR+) [potion of mutation]
    63 | Abyss:3  | Gained mutation: You occasionally shout uncontrollably at your foes. [potion of mutation]
    63 | Abyss:3  | Gained mutation: Your mind is acute. (Int +2) [potion of mutation]
    73 | Abyss:3  | Noticed an insubstantial wisp
   106 | Abyss:3  | Noticed a large abomination
   116 | Abyss:3  | Noticed a large abomination
   116 | D:1      | Escaped the Abyss
   267 | D:1      | Lost mutation: Your mind is acute. (Int +2) [potion of mutation]
   267 | D:1      | Lost mutation: You are resistant to hostile enchantments. (MR+) [potion of mutation]
   267 | D:1      | Lost mutation: You tend to lose your temper in combat. [potion of mutation]
   267 | D:1      | Lost mutation: You occasionally shout uncontrollably at your foes. [potion of mutation]
   267 | D:1      | Gained mutation: You are partially covered in thin metallic scales. (AC +2) [potion of mutation]
   267 | D:1      | Lost mutation: You are partially covered in thin metallic scales. (AC +2) [potion of mutation]
   267 | D:1      | Gained mutation: You are covered in fur. (AC +1) [potion of mutation]
   371 | D:1      | Reached XP level 2. HP: 27/27 MP: 2/2
   438 | D:1      | Reached * piety under Lugonu
   438 | D:1      | Reached skill level 4 in Fighting
   731 | D:1      | Reached XP level 3. HP: 33/33 MP: 3/3
  1003 | D:2      | Reached XP level 4. HP: 34/41 MP: 4/4
  1160 | D:2      | Reached skill level 5 in Fighting
  1216 | D:2      | Noticed Terence
  1226 | D:2      | Killed Terence
  1355 | D:2      | Found a basalt altar of Yredelemnul.
  1369 | D:2      | Found a glowing golden altar of the Shining One.
  1625 | D:2      | Noticed an angel
  1660 | D:3      | Reached XP level 5. HP: 48/48 MP: 5/5
  1807 | D:3      | Reached ** piety under Lugonu
  1858 | D:3      | Found an opulent altar of Gozag.
  1910 | D:3      | HP: 1/48 [wight/war axe (4)]
  1910 | D:3      | Slain by a wight

Skill      XL: |  1  2  3  4  5 |
---------------+----------------+-----
Fighting       | 4 5 |  5.2
Armour         | 3 4 |  4.3
Invocations    | 2 |  2.9
Axes           | 3 |  3.8
Dodging        | |  1.5

Action                   |  1- 3 |  4- 6 || total
-------------------------+-------+-------++-------
Melee: Hand axe          |    52 |    73 ||   125
       Headbutt          |     6 |    13 ||    19
Invok: Depart the Abyss  |     1 |       ||     1
  Use: Potion            |     5 |     1 ||     6
       Scroll            |     4 |     2 ||     6
  Eat: Chunk             |       |     3 ||     3
Armor: Ring mail         |    15 |     7 ||    22
       Leather armour    |     5 |       ||     5
       Chain mail        |       |    21 ||    21
Dodge: Dodged            |    42 |    40 ||    82
